 Dungeon Sprint DCSS version 0.31-a0-1-g4198be8af4 (webtiles) character file.

Game seed: 2700985291434681743

4936 howech the Unseen (level 10, -3/56 HPs)
             Began as an Octopode Enchanter on May 2, 2023.
             Was an Initiate of Sif Muna.
             Slain by a centaur warrior (8 damage)
             ... in the Dungeon (Sprint I: "Red Sonja").
             The game lasted 00:05:38 (298 turns).

howech the Unseen (Octopode Enchanter)               Turns: 298, Time: 00:05:39

Health: -3/56      AC:  1    Str:  8    XL:     10   Next: 52%
Magic:  15/22      EV: 17    Int: 21    God:    Sif Muna [......]
Gold:   522        SH:  0    Dex: 13    Spells: 21/26 levels left

rFire   . . .        k - +1 short sword (venom)
rCold   . . .        (no shield)
rNeg    . . .        (helmet restricted)
rPois   .            (no amulet)
rElec   .            (no ring)
rCorr   .            (no ring)
SInv    .            (no ring)
Will    .....        (no ring)
Stlth   ++++++++     (no ring)
HPRegen 0.29/turn    (no ring)
MPRegen 0.18/turn    (no ring)
                     (no ring)

%: no teleportation
@: invisible
A: almost no armour, amphibious, 8 rings, camouflage 1, gelatinous body 1,
(nimble swimmer 1), tentacles
a: Renounce Religion


You were in the Dungeon.
You worshipped Sif Muna.
Sif Muna was noncommittal.
You visited 1 branch You collected 540 gold pieces.
You donated 18 gold pieces to Zin.

Inventory:

Hand Weapons
 a - a +1 dagger
 k - a +1 short sword of venom (weapon)
Missiles
 l - 4 curare-tipped darts (quivered)
 m - 6 poisoned darts
Wands
 g - a wand of quicksilver (17)
 i - a wand of polymorph (6)
 j - a wand of flame (27)
Scrolls
 h - a scroll of blinking
Potions
 c - a potion of curing
 d - a potion of heal wounds
 e - a potion of haste
 f - 2 potions of magic


   Skills:
 + Level 9.3 Short Blades
 + Level 9.4 Dodging
 * Level 18.3 Stealth
 + Level 8.8 Spellcasting
 + Level 9.8 Hexes
 + Level 9.3 Ice Magic
 - Level 5.0 Evocations


You had 21 spell levels left.
You knew the following spells:

 Your Spells              Type           Power      Damage    Failure   Level
a - Ensorcelled Hibernat  Hex/Ice        98%        N/A       1%          2
b - Confusing Touch       Hex            50%        N/A       1%          3

Your spell library contained the following spells:

 Spells                   Type           Power      Damage    Failure   Level
 Tukima's Dance           Hex            50%        N/A       1%          3
 Dazzling Flash           Conj/Hex       58%        N/A       3%          3
 Portal Projectile        Hex/Tloc       58%        N/A       3%          3
 Leda's Liquefaction      Hex/Erth       14%        N/A       10%         4
 Call Canine Familiar     Summ           9%         N/A       22%         3


Dungeon Overview and Level Annotations

Branches:
Dungeon (1/1)

Altars:
Cheibriados
Dithmenos
Elyvilon
Fedhas
Gozag
Hepliaklqana
Kikubaaqudgha
Nemelex Xobeh
Okawaru
Qazlal
Ru
Sif Muna
Trog
Uskayaw
Vehumet
Wu Jian
Yredelemnul
Zin
The Shining One

Shops:
D **:[(*[


Innate Abilities, Weirdness & Mutations

You cannot wear most types of armour.
You are amphibious.
You can wear up to eight rings at the same time.
Your skin changes colour to match your surroundings (Stealth+).
Your rubbery body absorbs attacks. (AC +1, EV +1)
((You are camouflaged when in or above water. (Stealth+)))
You have tentacles for arms and can constrict up to eight enemies at once.


Message History

Unknown command.
You hit the centaur warrior.
The centaur warrior is poisoned.
You squeeze the centaur warrior.
The centaur warrior is lightly wounded.
The centaur warrior unwields a +0 shortbow.
The centaur warrior completely misses you.
The centaur warrior barely misses you.
Casting: Ensorcelled Hibernation (safe; 1% risk of failure)
Confirm with . or Enter, or press ? or * to list all spells.
Aiming: Ensorcelled Hibernation (safe; 1% risk of failure)
Press: ? - help, Shift-Dir - straight line, f/p - centaur warrior
Aim: a centaur warrior (lightly wounded, unable to see you, very poisoned, chance to affect: 53%)
The centaur warrior resists with significant effort.
The centaur warrior closely misses you. The centaur warrior kicks you.
The centaur warrior closely misses you. The centaur warrior kicks you.
You closely miss the centaur warrior.
The centaur warrior is lightly wounded.
Casting: Ensorcelled Hibernation (safe; 1% risk of failure)
Confirm with . or Enter, or press ? or * to list all spells.
Aiming: Ensorcelled Hibernation (safe; 1% risk of failure)
Press: ? - help, Shift-Dir - straight line, f/p - centaur warrior
Aim: a centaur warrior (lightly wounded, unable to see you, very poisoned, chance to affect: 53%)
The centaur warrior resists with significant effort.
The centaur warrior hits you!
* * * LOW HITPOINT WARNING * * *
The centaur warrior closely misses you. The centaur warrior misses you.
The centaur warrior closely misses you.
Casting: Ensorcelled Hibernation (safe; 1% risk of failure)
Confirm with . or Enter, or press ? or * to list all spells.
Aiming: Ensorcelled Hibernation (safe; 1% risk of failure)
Press: ? - help, Shift-Dir - straight line, f/p - centaur warrior
Aim: a centaur warrior (lightly wounded, unable to see you, very poisoned, chance to affect: 53%)
The centaur warrior resists with significant effort.
The centaur warrior misses you. The centaur warrior kicks you.
* * * LOW HITPOINT WARNING * * *
You hit the centaur warrior but do no damage.
You squeeze the centaur warrior.
The centaur warrior is moderately wounded.
The centaur warrior hits you!
You die...

.#.)'..#.)'..#
.'..#.)'..#..+
.#####'#####'# ###
.####..#...#)####!(#
.#__####..##[#~~§§.#
.#_____##'#_.+§§c§§+
⌠#_.∩..†'..._#§§§c§#
##_..__##_.#'##§###
#_____###'#.#.c@(###
##########.####'###.##
........'...'..[..'.∩#
#''''####...##########
......####.## .......#
#+# .#.....# .......#
....#..#


You could see a centaur warrior (unable to see you, very poisoned).

Vanquished Creatures
  Sonja (D)
  A deep troll (D)
  8 shining eyes (D)
  Sigmund (D)
  A yak (D)
  4 floating eyes (D)
  An ogre (D)
  A jelly (D)
  Ijyb (D)
19 creatures vanquished.

Notes
Turn   | Place    | Note
-------+----------+-------------------------------------------
     0 | D        | howech the Octopode Enchanter began the quest for the Orb.
     0 | D        | Reached XP level 1. HP: 11/11 MP: 3/3
     4 | D        | Noticed Ijyb
     7 | D        | Killed Ijyb
     8 | D        | Reached skill level 5 in Stealth
     8 | D        | Reached skill level 1 in Ice Magic
     8 | D        | Reached XP level 2. HP: 17/17 MP: 3/5
     8 | D        | Reached XP level 3. HP: 21/21 MP: 4/7
    15 | D        | Learned a level 2 spell: Ensorcelled Hibernation
    19 | D        | Learned a level 3 spell: Confusing Touch
    19 | D        | Noticed an ogre
    22 | D        | Killed an ogre
    23 | D        | Reached skill level 7 in Stealth
    23 | D        | Reached XP level 4. HP: 25/27 MP: 5/9
    34 | D        | Noticed Sigmund
    36 | D        | Killed Sigmund
    37 | D        | Reached skill level 10 in Stealth
    37 | D        | Reached skill level 5 in Hexes
    37 | D        | Reached XP level 5. HP: 31/31 MP: 8/11
    37 | D        | Reached XP level 6. HP: 36/36 MP: 8/12
    50 | D        | Found an ornate altar of the Wu Jian Council.
    50 | D        | Found a shimmering blue altar of Sif Muna.
    52 | D        | Found a radiant altar of Vehumet.
    57 | D        | Reached skill level 5 in Dodging
    65 | D        | Found Bakhleb's Armour Emporium.
    65 | D        | Found an ancient bone altar of Kikubaaqudgha.
    65 | D        | Found a hazy altar of Hepliaklqana.
    65 | D        | Found a stormy altar of Qazlal.
    65 | D        | Found a hide-covered altar of Uskayaw.
    65 | D        | Found a blossoming altar of Fedhas.
    65 | D        | Found a bloodstained altar of Trog.
    65 | D        | Found an iron altar of Okawaru.
    65 | D        | Found a basalt altar of Yredelemnul.
    65 | D        | Found a glowing golden altar of the Shining One.
    65 | D        | Found a snail-covered altar of Cheibriados.
    65 | D        | Found a sacrificial altar of Ru.
    65 | D        | Found a glowing silver altar of Zin.
    65 | D        | Found a shadowy altar of Dithmenos.
    65 | D        | Found a white marble altar of Elyvilon.
    65 | D        | Noticed a yak
    66 | D        | Found an opulent altar of Gozag.
    67 | D        | Killed a yak
    68 | D        | Reached skill level 5 in Short Blades
    68 | D        | Reached skill level 11 in Stealth
    68 | D        | Reached skill level 5 in Spellcasting
    68 | D        | Reached skill level 5 in Ice Magic
    68 | D        | Reached XP level 7. HP: 41/41 MP: 12/14
    68 | D        | Found a sparkling altar of Nemelex Xobeh.
    74 | D        | Became a worshipper of Zin the Law-Giver
    74 | D        | Reached * piety under Zin
    74 | D        | Reached ** piety under Zin
    74 | D        | Reached *** piety under Zin
    74 | D        | Reached **** piety under Zin
    74 | D        | Reached ***** piety under Zin
    81 | D        | Noticed Sonja
    85 | D        | Killed Sonja
    86 | D        | Reached skill level 13 in Stealth
    86 | D        | Reached XP level 8. HP: 46/46 MP: 14/17
    87 | D        | Reached ****** piety under Zin
    97 | D        | Found Voetil's Assorted Antiques.
   107 | D        | Noticed a shining eye
   107 | D        | Noticed a shining eye
   107 | D        | Noticed a shining eye
   107 | D        | Noticed a shining eye
   107 | D        | Noticed a shining eye
   107 | D        | Noticed a shining eye
   110 | D        | Noticed a shining eye
   110 | D        | Noticed a shining eye
   114 | D        | Paralysed by a floating eye for 3 turns
   118 | D        | Reached skill level 5 in Evocations
   120 | D        | Reached skill level 14 in Stealth
   122 | D        | Killed a shining eye
   123 | D        | Reached XP level 9. HP: 51/51 MP: 15/19
   129 | D        | Killed a shining eye
   130 | D        | Reached skill level 15 in Stealth
   146 | D        | Killed a shining eye
   147 | D        | Reached skill level 16 in Stealth
   152 | D        | Killed a shining eye
   154 | D        | Killed a shining eye
   155 | D        | Reached XP level 10. HP: 56/56 MP: 13/22
   164 | D        | Killed a shining eye
   165 | D        | Reached skill level 17 in Stealth
   167 | D        | Killed a shining eye
   176 | D        | Killed a shining eye
   177 | D        | Reached skill level 18 in Stealth
   179 | D        | Found Vietaytte's Assorted Antiques.
   179 | D        | Found Owohexiu's General Store.
   179 | D        | Found Sakuq's Book Emporium.
   180 | D        | Found Eveg's Weapon Shop.
   219 | D        | Fell from the grace of Zin
   219 | D        | Became a worshipper of Sif Muna the Loreminder
   250 | D        | Noticed a deep troll
   254 | D        | Killed a deep troll
   264 | D        | Found Soaning's Armour Emporium.
   288 | D        | Noticed a centaur warrior
   289 | D        | Noticed a centaur warrior
   298 | D        | Slain by a centaur warrior

Illustrated notes

Levels and vault maps discovered:
D:        dungeon_sprint_1 [red_sonja_temple_1, red_sonja_temple_small_1]

Skill      XL: |  1  2  3  4  5  6  7  8  9 10 |
---------------+-------------------------------+-----
Short Blades   | 2 3 4 5 6 7 8 9 |  9.3
Stealth        | 5 7 10 11 13 14 16 18 | 18.3
Ice Magic      | 1 3 4 5 6 7 8 9 |  9.3
Dodging        | 3 4 5 6 7 8 9 |  9.4
Spellcasting   | 3 4 5 6 8 |  8.8
Hexes          | 4 5 6 7 8 9 |  9.8
Evocations     | 2 4 5 |  5.0

Action                     |  1- 3 |  4- 6 |  7- 9 | 10-12 || total
---------------------------+-------+-------+-------+-------++-------
  Melee: Dagger            |     3 |     3 |     1 |       ||     7
         Tentacles         |     1 |       |    10 |    16 ||    27
         Constrict         |     1 |       |     4 |     3 ||     8
         Short sword       |       |       |    29 |    25 ||    54
         Punch             |       |       |     1 |       ||     1
   Cast: Ensorcelled Hiber |       |       |     1 |     4 ||     5
         Confusing Touch   |       |       |     2 |       ||     2
    Use: Potion            |     2 |       |       |     1 ||     3
   Stab: Sleeping          |     1 |     3 |     7 |     1 ||    12
         Confused          |       |       |       |     1 ||     1
  Dodge: Dodged            |       |       |       |     9 ||     9

Table legend: (Time is in decaauts)
 A = Elapsed time spent in this place.
 B = Non-inter-level travel time spent in this place.
 C = Inter-level travel time spent in this place.
 D = Time resting spent in this place.
 E = Time spent auto-exploring this place.
 F = Levels seen in this place.
 G = Mean time per level.
                   A        B        C        D        E       F      G
               +--------+--------+--------+--------+--------+-----+--------+
         Total |    284 |    284 |      0 |      0 |      0 |   1 |  284.0 |
       Dungeon |    284 |    284 |      0 |      0 |      0 |   1 |  284.0 |
               +--------+--------+--------+--------+--------+-----+--------+

Top non-repeatable levels by time:
       D: 284 daAuts
